 Dungeon Crawl Stone Soup version 0.27-a0-385-g3208abaabc (webtiles) character file.

Game seed: 13361944988589529129

20 gimp the Skirmisher (level 2, 0/24 HPs)
             Began as a Felid Wanderer on Feb 19, 2021.
             Succumbed to an adder's poison
             ... on level 2 of the Dungeon.
             The game lasted 00:01:41 (1264 turns).

gimp the Skirmisher (Felid Wanderer)                Turns: 1264, Time: 00:01:42

Health: 0/24       AC: 21    Str: 10    XL:     2   Next: 58%
Magic:  3/3        EV:  4    Int: 11    God:
Gold:   20         SH:  0    Dex: 15    Spells: 1/1 levels left
                                        Lives:  0   Deaths: 0

rFire    . . .     SeeInvis +     - Unarmed
rCold    . . .     Faith    +   (shield unavailable)
rNeg     + + +     Spirit   .   (armour unavailable)
rPois    +         Reflect  .   (helmet unavailable)
rElec    .         Harm     .   (cloak unavailable)
rCorr    .         Rampage  .   (gloves unavailable)
Will     .....     NoTele   +   (boots unavailable)
Stlth    ++........             f - amulet of faith
HPRegen  0.08/turn              (no ring)
MPRegen  0.08/turn              (no ring)

@: lethally poisoned (0 -> -3), tree-form (expiring)
A: very small, no armour, no weapons or thrown items, stealth, see invisible
a: no special abilities


You were on level 2 of the Dungeon.
You were a tree.
You visited 1 branch of the dungeon, and saw 2 of its levels.

You collected 20 gold pieces.

Inventory:

Jewellery
 f - an amulet of faith (around neck)
Scrolls
 a - a scroll of fear
 d - a scroll of noise {unknown}
Potions
 b - a potion of berserk rage
 c - a potion of lignification


   Skills:
 - Level 5.0 Fighting
 + Level 2.1 Dodging
 - Level 2.6 Stealth
 + Level 3.5 Unarmed Combat


You had one spell level left.
You didn't know any spells.
Your spell library was empty.

Dungeon Overview and Level Annotations

Branches:
Dungeon (2/15)

Altars:


Innate Abilities, Weirdness & Mutations

You cannot wear armour.
You are incapable of wielding weapons or throwing items.
Your paws allow you to move quietly. (Stealth)
((You have sharp claws.))
((You have razor-sharp teeth.))
You have supernaturally acute eyesight. (SInv)
((You cover ground quickly.))
((You are covered in fur. (AC +1)))
((Your sharp claws are effective at attacking unaware monsters.))


Message History

You feel very buoyant.
You fly up into the air.
The adder misses you. The adder bites you.
* * * LOW HITPOINT WARNING * * *
You take 1 damage, and have 3/16 hp.
Really quaff the potion of lignification?
You turn into a tree.
Your roots penetrate the ground.
* * * LOW HITPOINT WARNING * * *
You feel sick. The adder bites you but does no damage.
You now have 4/24 hp.
You closely miss the adder.
The adder is severely wounded.
* * * LOW HITPOINT WARNING * * *
You feel sick. The adder bites you but does no damage.
You take 1 damage, and have 3/24 hp.
You closely miss the adder.
The adder is severely wounded.
The adder bites you but does no damage.
You hit the adder.
The adder is almost dead.
The adder bites you but does no damage.
You hit the adder.
You kill the adder!
* * * LOW HITPOINT WARNING * * *
You feel sick.
Your Dodging skill increases to level 2!
You take 1 damage, and have 2/24 hp.
You cannot move.
You cannot move.
You cannot move.
There is a lethal amount of poison in your body!
There is a lethal amount of poison in your body!
There is a lethal amount of poison in your body!
There is a lethal amount of poison in your body!
* * * LOW HITPOINT WARNING * * *
You feel sick.
Your transformation is almost over.
* * * LOW HITPOINT WARNING * * *
You feel sick.
You take 1 damage, and have 1/24 hp.
You die...

#..............
#..............#
#..............#
#..............#
#..............#
#....<.........#
#..............#
.................#
.....###..♣$.####
..... #..†..# .?..
#.....# ...
#.....# ...
#.....# #.....#
#.....# #.....#


There were no monsters in sight!

Vanquished Creatures
  An adder (D:2)
  A dart slug (D:2)
  A giant cockroach (D:1)
  A hobgoblin (D:1)
  5 kobolds (D:1)
  A rat (D:1)
10 creatures vanquished.

Vanquished Creatures (others)
  A hobgoblin (D:2)
1 creature vanquished.

Grand Total: 11 creatures vanquished

Notes
Turn   | Place    | Note
-------+----------+-------------------------------------------
     0 | D:1      | gimp the Felid Wanderer began the quest for the Orb.
     0 | D:1      | gimp set off with the following items: a scroll of fear, a
                  | potion of berserk rage, 2 potions of lignification
     0 | D:1      | Reached XP level 1. HP: 12/12 MP: 2/2
   384 | D:1      | Reached skill level 1 in Dodging
   876 | D:1      | Reached XP level 2. HP: 16/16 MP: 3/3
  1261 | D:2      | HP: 1/24 [poisoned by an adder]
  1264 | D:2      | Succumbed to an adder's poison

Illustrated notes

Levels and vault maps discovered:
D:1:      eino_arrival_water_cross, layout_loops_corners
D:2:      layout_basic, chequers_temple_overflow_statue_of_worship,
          fiery_altar_vehumet, minmay_pentomino_p2

Skill      XL: |  1  2 |
---------------+-------+-----
Dodging        | 1 2 |  2.1
Fighting       | |  5.0
Stealth        | |  2.6
Unarmed Combat | |  3.5

Action                   || total
-------------------------++-------
Melee: Unarmed           ||    36
       Bite              ||     2
       Punch             ||     1
  Use: Potion            ||     2
 Stab: Sleeping          ||     4
Armor: Skin              ||     5
Dodge: Dodged            ||    19

Table legend: (Time is in decaauts)
 A = Elapsed time spent in this place.
 B = Non-inter-level travel time spent in this place.
 C = Inter-level travel time spent in this place.
 D = Time resting spent in this place.
 E = Time spent auto-exploring this place.
 F = Levels seen in this place.
 G = Mean time per level.
                   A        B        C        D        E       F      G
               +--------+--------+--------+--------+--------+-----+--------+
         Total |   1071 |   1020 |     51 |      0 |    899 |   2 |  535.5 |
       Dungeon |   1071 |   1020 |     51 |      0 |    899 |   2 |  535.5 |
               +--------+--------+--------+--------+--------+-----+--------+

Top non-repeatable levels by time:
     D:1: 963 daAuts
     D:2: 108 daAuts
